 Dungeon Crawl Stone Soup version 0.31-a0-152-g6aa68a64a1 (webtiles) character file.

Game seed: 4692640849049761738

3549 qw the Skirmisher (level 10, -8/94 HPs)
             Began as a Naga Hunter on June 11, 2023.
             Was a Believer of Okawaru.
             Mangled by a sea snake (shapeshifter) (11 damage)
             ... on level 8 of the Dungeon.
             The game lasted 00:02:34 (6248 turns).

qw the Skirmisher (Naga Hunter)                     Turns: 6248, Time: 00:02:35

Health: -8/94      AC: 13    Str: 13    XL:     10   Next: 9%
Magic:  11/13      EV: 12    Int: 16    God:    Okawaru [**....]
Gold:   226        SH:  0    Dex: 18    Spells: 9/9 levels left

rFire   . . .        m - +0 orcbow
rCold   + . .        (shield currently unavailable)
rNeg    . . .        n - +5 ring mail of Negation {Int+5}
rPois   +            (no helmet)
rElec   .            (no cloak)
rCorr   +            b - +0 pair of gloves
SInv    +            (no barding)
Will    +....        f - amulet of faith
Stlth   +++          j - ring of resist corrosion
HPRegen 0.35/turn    c - ring of protection from cold
MPRegen 0.13/turn

%: faith
@: lethally poisoned (-8 -> -26), about to teleport, short of breath, heroic,
very slow
A: AC +3, large, see invisible, deformed body, poison resistance, slowness 2,
spit poison 1, naga tail 1
a: Spit Poison, Renounce Religion, Heroism


You were on level 8 of the Dungeon.
You worshipped Okawaru.
Okawaru was pleased with you.
You visited 2 branches of the dungeon, and saw 9 of its levels.

You collected 442 gold pieces.
You spent 216 gold pieces at shops.


Innate Abilities, Weirdness & Mutations

Your serpentine skin is tough. (AC +3)
You have supernaturally acute eyesight. (SInv)
Armour fits poorly on your strangely shaped body.
Your system is resistant to poisons. (rPois)
You cover ground very slowly.
You can spit poison.
You have a snake-like lower body.


   Skills:
 - Level 7.3(12.3) Fighting
 + Level 10.5(15.5) Ranged Weapons
 - Level 2.0(7.0) Armour
 - Level 3.2(8.2) Dodging
 - Level 1.5(6.5) Stealth
 - Level 4.0 Invocations


You had 9 spell levels left.
You didn't know any spells.
Your spell library was empty.

Inventory:

Hand Weapons
 m - a +0 orcbow (weapon)
Armour
 b - a +0 pair of gloves (worn)
 n - the +5 ring mail of Negation (worn) {Int+5}
   (You found it on level 7 of the Dungeon)

   Int:       It affects your intelligence (+5).
 o - the +1 helmet of Fanaticism {rF+ rCorr}
   (You found it on level 8 of the Dungeon)

   rF:        It protects you from fire.
   rCorr:     It protects you from acid and corrosion.
Jewellery
 c - a ring of protection from cold (right hand)
 f - an amulet of faith (around neck)
 j - a ring of resist corrosion (left hand)
Wands
 l - a wand of digging (3)
Scrolls
 a - a scroll of vulnerability {unknown}
 e - 2 scrolls of identify
 h - 2 scrolls of teleportation
Potions
 d - a potion of mutation
 g - 2 potions of might
 i - 2 potions of resistance
 k - 3 potions of cancellation
 p - a potion of brilliance {unknown}

Dungeon Overview and Level Annotations

Branches:
Dungeon (8/15)             Temple (1/1) D:4
   Lair: D:8-11

Altars:
Ashenzari
Cheibriados
Dithmenos
Elyvilon
Gozag
Hepliaklqana
Kikubaaqudgha
Makhleb
Okawaru
Qazlal
Ru
Sif Muna
Uskayaw
Vehumet
Wu Jian
Xom
Yredelemnul
Zin
The Shining One

Shops:
D:4 !

Annotations:
D:7 3 runed translucent doors, qw's ghost, novice MiHu


Message History

Press: ? - help, Shift-Dir - straight line, f/p - sea snake The splash of poison misses the sea snake.
You shoot an arrow. The arrow hits the sea snake.
The sea snake is lightly wounded.
You shoot an arrow. The arrow hits the sea snake.
The sea snake is lightly wounded.
You have got your breath back.
The sea snake bites you.
6242 ||| INVOKING Spit Poison.
Aiming: Spit Poison (1% risk of failure)
Press: ? - help, Shift-Dir - straight line, f/p - sea snake The splash of poison misses the sea snake.
The sea snake bites you.
You shoot an arrow. The arrow misses the sea snake.
The sea snake bites you!
You shoot an arrow. The arrow closely misses the sea snake.
The sea snake bites you!
You are poisoned.
The sea snake poisons you!
You shoot an arrow. The arrow closely misses the sea snake.
You feel extremely sick. The sea snake bites you! The sea snake bites you.
6246 ||| INVOKING Heroism.
You gain the combat prowess of a mighty hero.
Okawaru will no longer gift you throwing weapons.
You have got your breath back.
You feel extremely sick.
The sea snake bites you but does no damage.
6247 ||| INVOKING Spit Poison.
Aiming: Spit Poison (1% risk of failure)
Press: ? - help, Shift-Dir - straight line, f/p - sea snake The splash of poison misses the sea snake.
You feel extremely sick. The sea snake bites you!
6248 ||| READING 3 scrolls of teleportation.
As you read the scroll of teleportation, it crumbles to dust.
You feel strangely unstable.
You feel very sick. The sea snake bites you!
You die...

......................###..>#
######.#.#.#####.##..##.##..#
...#.......#####....##.. ##.##
/..#.#.............##..# ##.##
...#.#.#########..##..### ##.##
...#.#........##.##..##[## ##.##
.....#........#.##..##...# ##.#
.....#.........##S.##...## ##...
.....#........##@.##..#8# ##..##
....##.#####.....##..##...##..##.
....##.# #....##..##:..##..##.#
....##.< #.....##..##)##..##.##
###.##. #......##..###..##..# .#
#######.##..#..##...# .#
##.##...##.#.## ##.##.##....#
##.###.#.###


You could see a sea snake.

Vanquished Creatures
  Pikel (D:7)
  An ugly thing (D:8)
  An unseen horror (D:8)
  A troll (D:5)
  A hornet (D:8)
  A steam dragon (D:7)
  A vampire mosquito (D:8)
  2 water moccasins (D:5)
  An ice beast (D:6)
  An ogre (D:4)
  A centaur (D:7)
  A lemure (D:7)
  2 phantoms (D:6)
  A kobold brigand (D:7)
  A bullfrog (D:7)
  3 killer bees (D:7)
  2 hounds (D:5)
  4 jellies
  3 orc priests (D:3)
  A gnoll bouda (D:5)
  Jessica (D:3)
  6 orc wizards
  Terence (D:3)
  7 iguanas
  3 gnolls
  9 adders
  3 white imps
  4 worms
  4 dart slugs
  27 orcs
  10 endoplasms
  5 giant cockroaches
  8 goblins
  7 hobgoblins
  2 jackals (D:3)
  10 kobolds
  5 quokkas
  4 ball pythons
  9 bats
  6 frilled lizards
  6 rats
167 creatures vanquished.

Notes
Turn   | Place    | Note
-------+----------+-------------------------------------------
     0 | D:1      | qw the Naga Hunter began the quest for the Orb.
     0 | D:1      | Reached XP level 1. HP: 19/19 MP: 1/1
     0 | D:1      | 0 ||| qw: Version: 0.2-a-29-g99eb96e
     0 | D:1      | 0 ||| qw: Game counter: 4088
     0 | D:1      | 0 ||| qw: Always use a shield: true
     0 | D:1      | 0 ||| qw: God list: Okawaru
     0 | D:1      | 0 ||| qw: Allow faded altars: false
     0 | D:1      | 0 ||| qw: Do Orc after D:15 true
     0 | D:1      | 0 ||| qw: Do second Lair branch before Depths: true
     0 | D:1      | 0 ||| qw: Lair rune preference: random
     0 | D:1      | 0 ||| qw: Plans: Normal
     0 | D:1      | 0 ||| PLANNING D:1-11
    54 | D:1      | 54 ||| INVOKING Spit Poison.
    59 | D:1      | 59 ||| INVOKING Spit Poison.
    64 | D:1      | 64 ||| INVOKING Spit Poison.
   117 | D:1      | 117 ||| INVOKING Spit Poison.
   119 | D:1      | Reached skill level 4 in Ranged Weapons
   119 | D:1      | Reached XP level 2. HP: 26/26 MP: 2/2
   132 | D:1      | 132 ||| INVOKING Spit Poison.
   154 | D:1      | 154 ||| INVOKING Spit Poison.
   175 | D:1      | 175 ||| INVOKING Spit Poison.
   180 | D:1      | 180 ||| INVOKING Spit Poison.
   200 | D:1      | 200 ||| INVOKING Spit Poison.
   205 | D:1      | 205 ||| INVOKING Spit Poison.
   220 | D:1      | 220 ||| INVOKING Spit Poison.
   224 | D:1      | 224 ||| INVOKING Spit Poison.
   238 | D:1      | Reached XP level 3. HP: 32/32 MP: 3/3
   259 | D:1      | 259 ||| INVOKING Spit Poison.
   267 | D:1      | 267 ||| INVOKING Spit Poison.
   273 | D:1      | 273 ||| INVOKING Spit Poison.
   315 | D:1      | 315 ||| INVOKING Spit Poison.
   322 | D:1      | 322 ||| INVOKING Spit Poison.
   350 | D:1      | 350 ||| INVOKING Spit Poison.
   355 | D:1      | 355 ||| INVOKING Spit Poison.
   405 | D:1      | 405 ||| INVOKING Spit Poison.
   437 | D:1      | 437 ||| INVOKING Spit Poison.
   438 | D:1      | 438 ||| INVOKING Spit Poison.
   473 | D:1      | 473 ||| INVOKING Spit Poison.
   479 | D:1      | 479 ||| INVOKING Spit Poison.
   577 | D:1      | 577 ||| INVOKING Spit Poison.
   664 | D:1      | 664 ||| UPGRADING to amulet of faith.
   669 | D:1      | 669 ||| READING scroll labelled ERCHEU YR JACE.
   670 | D:1      | 670 ||| READING scroll labelled GOESORO DITU.
   671 | D:1      | 671 ||| READING scroll labelled YXTI BOTONKI.
   672 | D:1      | 672 ||| READING scroll labelled FOFONE LOFANK.
   675 | D:1      | 675 ||| DROPPING scroll of butterflies.
   679 | D:2      | 679 ||| INVOKING Spit Poison.
   714 | D:2      | 714 ||| INVOKING Spit Poison.
   743 | D:2      | 743 ||| INVOKING Spit Poison.
   748 | D:2      | 748 ||| INVOKING Spit Poison.
   884 | D:2      | Reached skill level 5 in Ranged Weapons
   886 | D:2      | 886 ||| INVOKING Spit Poison.
   891 | D:2      | 891 ||| INVOKING Spit Poison.
   892 | D:2      | 892 ||| INVOKING Spit Poison.
   893 | D:2      | Reached XP level 4. HP: 35/39 MP: 4/4
   940 | D:2      | 940 ||| INVOKING Spit Poison.
   947 | D:2      | 947 ||| INVOKING Spit Poison.
   958 | D:2      | 958 ||| INVOKING Spit Poison.
   961 | D:2      | 961 ||| INVOKING Spit Poison.
   965 | D:2      | 965 ||| INVOKING Spit Poison.
   992 | D:2      | 992 ||| INVOKING Spit Poison.
  1033 | D:2      | 1033 ||| INVOKING Spit Poison.
  1042 | D:2      | 1042 ||| INVOKING Spit Poison.
  1043 | D:2      | 1043 ||| INVOKING Spit Poison.
  1054 | D:2      | 1054 ||| INVOKING Spit Poison.
  1100 | D:2      | 1100 ||| INVOKING Spit Poison.
  1139 | D:2      | 1139 ||| INVOKING Spit Poison.
  1183 | D:2      | 1183 ||| READING scroll labelled UKHYUZ IVALADI.
  1184 | D:2      | 1184 ||| READING scroll labelled EHU NONUIDOJ.
  1185 | D:2      | 1185 ||| READING scroll labelled BIEQE YLA.
  1186 | D:2      | 1186 ||| READING scroll labelled SACRAE IWKINORCH.
  1194 | D:3      | Noticed Jessica
  1195 | D:3      | 1195 ||| INVOKING Spit Poison.
  1197 | D:3      | 1197 ||| Stepping ~*~*~tactically~*~*~ (outnumbered).
  1199 | D:3      | Reached skill level 3 in Fighting
  1199 | D:3      | Reached XP level 5. HP: 49/49 MP: 5/5
  1199 | D:3      | 1199 ||| INVOKING Spit Poison.
  1205 | D:3      | 1205 ||| INVOKING Spit Poison.
  1206 | D:3      | Killed Jessica
  1275 | D:3      | 1275 ||| INVOKING Spit Poison.
  1290 | D:3      | 1290 ||| INVOKING Spit Poison.
  1293 | D:3      | 1293 ||| INVOKING Spit Poison.
  1298 | D:3      | 1298 ||| INVOKING Spit Poison.
  1320 | D:3      | 1320 ||| INVOKING Spit Poison.
  1336 | D:3      | 1336 ||| INVOKING Spit Poison.
  1345 | D:3      | 1345 ||| INVOKING Spit Poison.
  1351 | D:3      | 1351 ||| INVOKING Spit Poison.
  1396 | D:3      | 1396 ||| INVOKING Spit Poison.
  1402 | D:3      | 1402 ||| INVOKING Spit Poison.
  1404 | D:3      | Reached XP level 6. HP: 56/56 MP: 6/6
  1437 | D:3      | 1437 ||| INVOKING Spit Poison.
  1460 | D:3      | 1460 ||| INVOKING Spit Poison.
  1465 | D:3      | Noticed Terence
  1466 | D:3      | 1466 ||| INVOKING Spit Poison.
  1470 | D:3      | Killed Terence
  1471 | D:3      | Reached skill level 6 in Ranged Weapons
  1473 | D:3      | 1473 ||| INVOKING Spit Poison.
  1476 | D:3      | 1476 ||| INVOKING Spit Poison.
  1628 | D:3      | 1628 ||| INVOKING Spit Poison.
  1637 | D:3      | 1637 ||| INVOKING Spit Poison.
  1643 | D:3      | 1643 ||| INVOKING Spit Poison.
  1691 | D:3      | 1691 ||| INVOKING Spit Poison.
  1707 | D:3      | 1707 ||| INVOKING Spit Poison.
  1768 | D:3      | 1768 ||| INVOKING Spit Poison.
  1805 | D:3      | 1805 ||| INVOKING Spit Poison.
  1812 | D:3      | 1812 ||| INVOKING Spit Poison.
  1954 | D:3      | Found an opulent altar of Gozag.
  2025 | D:3      | 2025 ||| UPGRADING to +1 robe of willpower.
  2035 | D:3      | 2035 ||| DROPPING +0 leather armour.
  2036 | D:3      | 2036 ||| UPGRADING to ring of resist corrosion.
  2037 | D:3      | 2037 ||| READING 2 scrolls labelled HOANAM IHURCH.
  2038 | D:3      | 2038 ||| READING scroll of enchant weapon.
  2038 | D:3      | 2038 ||| ENCHANTING +1 shortbow of draining.
  2039 | D:3      | 2039 ||| DRINKING 2 glowing silvery potions.
  2044 | D:3      | 2044 ||| DRINKING 2 sapphire potions.
  2045 | D:3      | 2045 ||| DRINKING 2 fizzy sapphire potions.
  2046 | D:3      | 2046 ||| READING 2 scrolls of identify.
  2046 | D:3      | 2046 ||| IDENTIFYING smoky orange potion
  2047 | D:3      | 2047 ||| DROPPING potion of ambrosia.
  2048 | D:3      | 2048 ||| DROPPING potion of attraction.
  2059 | D:4      | Found a staircase to the Ecumenical Temple.
  2060 | D:4      | 2060 ||| PLANNING TEMPLE
  2060 | D:4      | 2060 ||| STAIRDANCE
  2062 | D:3      | 2062 ||| INVOKING Spit Poison.
  2065 | D:3      | 2065 ||| INVOKING Spit Poison.
  2068 | D:3      | 2068 ||| INVOKING Spit Poison.
  2153 | D:4      | 2153 ||| STAIRDANCE
  2157 | D:4      | 2157 ||| STAIRDANCE
  2161 | D:4      | 2161 ||| STAIRDANCE
  2165 | D:4      | 2165 ||| STAIRDANCE
  2167 | D:3      | 2167 ||| INVOKING Spit Poison.
  2194 | D:4      | 2194 ||| STAIRDANCE
  2203 | D:4      | 2203 ||| STAIRDANCE
  2212 | D:4      | 2212 ||| STAIRDANCE
  2216 | D:4      | 2216 ||| STAIRDANCE
  2220 | D:4      | 2220 ||| STAIRDANCE
  2221 | D:4      | 2221 ||| INVOKING Spit Poison.
  2224 | D:4      | 2224 ||| INVOKING Spit Poison.
  2239 | Temple   | Entered the Ecumenical Temple
  2315 | Temple   | 2315 ||| PLANNING D:1-11
  2331 | D:4      | 2331 ||| INVOKING Spit Poison.
  2373 | D:4      | 2373 ||| INVOKING Spit Poison.
  2521 | D:4      | 2521 ||| INVOKING Spit Poison.
  2525 | D:4      | 2525 ||| INVOKING Spit Poison.
  2528 | D:4      | Reached XP level 7. HP: 20/64 MP: 7/7
  2857 | D:4      | 2857 ||| INVOKING Spit Poison.
  2862 | D:4      | 2862 ||| INVOKING Spit Poison.
  2864 | D:4      | Found Nadoan's Distillery.
  2867 | D:4      | 2867 ||| BUYING potion of cancellation (96 gold).
  2867 | D:4      | Bought a potion of cancellation for 96 gold pieces
  2867 | D:4      | 2867 ||| BUYING potion of resistance (120 gold).
  2867 | D:4      | Bought a potion of resistance for 120 gold pieces
  2934 | D:4      | 2934 ||| UPGRADING to +0 pair of gloves.
  2939 | D:4      | 2939 ||| READING scroll labelled RYOROE LAK ZAO.
  2958 | D:5      | Entered Level 5 of the Dungeon
  2966 | D:5      | Found an ancient bone altar of Kikubaaqudgha.
  2969 | D:5      | 2969 ||| INVOKING Spit Poison.
  3017 | D:5      | Reached skill level 7 in Ranged Weapons
  3033 | D:5      | 3033 ||| INVOKING Spit Poison.
  3074 | D:5      | 3074 ||| INVOKING Spit Poison.
  3126 | D:5      | Found a shimmering blue altar of Sif Muna.
  3240 | D:5      | 3240 ||| INVOKING Spit Poison.
  3326 | D:5      | Noticed a troll
  3330 | D:5      | 3330 ||| INVOKING Spit Poison.
  3333 | D:5      | 3333 ||| INVOKING Spit Poison.
  3336 | D:5      | 3336 ||| INVOKING Spit Poison.
  3339 | D:5      | Killed a troll
  3340 | D:5      | Reached skill level 8 in Ranged Weapons
  3340 | D:5      | Reached XP level 8. HP: 50/72 MP: 8/8
  3343 | D:5      | 3343 ||| INVOKING Spit Poison.
  3347 | D:5      | 3347 ||| INVOKING Spit Poison.
  3447 | D:5      | Found an iron altar of Okawaru.
  3448 | D:5      | 3448 ||| PLANNING OKAWARU WORSHIP
  3455 | D:5      | Became a worshipper of Warmaster Okawaru
  3455 | D:5      | 3455 ||| PLANNING D:1-11
  3582 | D:5      | 3582 ||| INVOKING Spit Poison.
  3641 | D:5      | Found a basalt altar of Yredelemnul.
  3712 | D:5      | 3712 ||| UPGRADING to ring of protection from cold.
  3725 | D:6      | 3725 ||| INVOKING Spit Poison.
  3730 | D:6      | 3730 ||| STAIRDANCE
  3732 | D:5      | 3732 ||| INVOKING Spit Poison.
  3739 | D:5      | 3739 ||| INVOKING Spit Poison.
  3744 | D:5      | 3744 ||| INVOKING Spit Poison.
  3751 | D:5      | 3751 ||| INVOKING Spit Poison.
  3929 | D:6      | 3929 ||| INVOKING Spit Poison.
  3937 | D:6      | 3937 ||| INVOKING Spit Poison.
  4043 | D:6      | Found a sacrificial altar of Ru.
  4053 | D:6      | 4053 ||| INVOKING Spit Poison.
  4058 | D:6      | 4058 ||| INVOKING Spit Poison.
  4061 | D:6      | 4061 ||| INVOKING Spit Poison.
  4135 | D:6      | Reached * piety under Okawaru
  4136 | D:6      | Reached skill level 9 in Ranged Weapons
  4197 | D:6      | 4197 ||| INVOKING Spit Poison.
  4201 | D:6      | 4201 ||| INVOKING Spit Poison.
  4309 | D:6      | 4309 ||| INVOKING Heroism.
  4316 | D:6      | 4316 ||| INVOKING Spit Poison.
  4323 | D:6      | 4323 ||| INVOKING Spit Poison.
  4370 | D:6      | Reached skill level 1 in Invocations
  4505 | D:7      | 4505 ||| INVOKING Heroism.
  4529 | D:7      | 4529 ||| INVOKING Spit Poison.
  4531 | D:7      | 4531 ||| INVOKING Heroism.
  4535 | D:7      | Reached skill level 6 in Fighting
  4535 | D:7      | Reached XP level 9. HP: 48/82 MP: 7/10
  4651 | D:7      | 4651 ||| SWAPPING to +0 orcbow.
  4653 | D:7      | 4653 ||| INVOKING Spit Poison.
  4657 | D:7      | 4657 ||| INVOKING Spit Poison.
  4664 | D:7      | 4664 ||| INVOKING Spit Poison.
  4667 | D:7      | 4667 ||| Stepping ~*~*~tactically~*~*~ (cloud).
  4809 | D:7      | 4809 ||| DROPPING +2 shortbow of draining.
  4832 | D:7      | 4832 ||| INVOKING Spit Poison.
  4836 | D:7      | Reached skill level 3 in Dodging
  4890 | D:7      | Found a hide-covered altar of Uskayaw.
  4891 | D:7      | 4891 ||| INVOKING Spit Poison.
  4896 | D:7      | 4896 ||| INVOKING Spit Poison.
  4901 | D:7      | 4901 ||| INVOKING Spit Poison.
  5003 | D:7      | 5003 ||| INVOKING Spit Poison.
  5009 | D:7      | Found a runed translucent gate.
  5010 | D:7      | Found a runed translucent gate.
  5022 | D:7      | 5022 ||| INVOKING Spit Poison.
  5025 | D:7      | 5025 ||| INVOKING Spit Poison.
  5025 | D:7      | Noticed Pikel
  5026 | D:7      | 5026 ||| INVOKING Heroism.
  5030 | D:7      | 5030 ||| INVOKING Spit Poison.
  5037 | D:7      | 5037 ||| INVOKING Spit Poison.
  5037 | D:7      | Killed Pikel
  5037 | D:7      | Reached ** piety under Okawaru
  5038 | D:7      | Reached skill level 3 in Invocations
  5143 | D:7      | Identified the +5 ring mail of Negation {Int+5}
  5150 | D:7      | 5150 ||| INVOKING Spit Poison.
  5156 | D:7      | 5156 ||| INVOKING Spit Poison.
  5159 | D:7      | 5159 ||| INVOKING Heroism.
  5160 | D:7      | 5160 ||| INVOKING Spit Poison.
  5169 | D:7      | 5169 ||| INVOKING Spit Poison.
  5289 | D:7      | Found a burning altar of Makhleb.
  5301 | D:7      | 5301 ||| INVOKING Heroism.
  5344 | D:7      | Found a runed translucent gate.
  5345 | D:7      | Noticed qw's ghost (novice MiHu)
  5423 | D:7      | 5423 ||| INVOKING Spit Poison.
  5427 | D:7      | 5427 ||| INVOKING Spit Poison.
  5431 | D:7      | 5431 ||| INVOKING Spit Poison.
  5435 | D:7      | 5435 ||| INVOKING Spit Poison.
  5439 | D:7      | 5439 ||| INVOKING Spit Poison.
  5446 | D:7      | 5446 ||| INVOKING Spit Poison.
  5449 | D:7      | 5449 ||| INVOKING Spit Poison.
  5452 | D:7      | 5452 ||| INVOKING Spit Poison.
  5523 | D:7      | 5523 ||| INVOKING Spit Poison.
  5740 | D:7      | 5740 ||| UPGRADING to +5 ring mail of Negation {Int+5}.
  5750 | D:7      | 5750 ||| DROPPING +1 robe of willpower.
  5751 | D:7      | 5751 ||| READING 3 scrolls of identify.
  5751 | D:7      | 5751 ||| IDENTIFYING amethyst potion
  5752 | D:7      | 5752 ||| DROPPING potion of invisibility.
  5812 | D:8      | Noticed a hornet
  5815 | D:8      | 5815 ||| INVOKING Spit Poison.
  5819 | D:8      | 5819 ||| INVOKING Spit Poison.
  5820 | D:8      | Killed a hornet
  5869 | D:8      | Noticed an unseen horror
  5870 | D:8      | 5870 ||| INVOKING Spit Poison.
  5875 | D:8      | 5875 ||| INVOKING Spit Poison.
  5881 | D:8      | 5881 ||| INVOKING Spit Poison.
  5884 | D:8      | 5884 ||| INVOKING Heroism.
  5885 | D:8      | Killed an unseen horror
  5886 | D:8      | Reached skill level 10 in Ranged Weapons
  5980 | D:8      | Noticed a brown ugly thing
  5981 | D:8      | 5981 ||| INVOKING Spit Poison.
  5988 | D:8      | 5988 ||| INVOKING Spit Poison.
  5990 | D:8      | 5990 ||| INVOKING Heroism.
  5996 | D:8      | 5996 ||| INVOKING Spit Poison.
  5996 | D:8      | Killed a brown ugly thing
  5997 | D:8      | Reached XP level 10. HP: 35/94 MP: 10/13
  6177 | D:8      | Identified the +3 scale mail "Imasoej" {Rampage rCorr Str-4
                  | Dex+4}
  6178 | D:8      | Identified the +1 helmet of Fanaticism {rF+ rCorr}
  6232 | D:8      | Reached *** piety under Okawaru
  6236 | D:8      | Noticed a sea snake
  6239 | D:8      | 6239 ||| INVOKING Spit Poison.
  6242 | D:8      | 6242 ||| INVOKING Spit Poison.
  6246 | D:8      | 6246 ||| INVOKING Heroism.
  6247 | D:8      | 6247 ||| INVOKING Spit Poison.
  6247 | D:8      | HP: 23/94 [poisoned by a sea snake]
  6247 | D:8      | HP: 9/94 [sea snake (shapeshifter) (14)]
  6248 | D:8      | 6248 ||| READING 3 scrolls of teleportation.
  6248 | D:8      | HP: 3/94 [poisoned by a sea snake]
  6248 | D:8      | Mangled by a sea snake (shapeshifter)

Levels and vault maps discovered:
D:1:      dpeg_arrival_oval, layout_basic
D:2:      layout_basic, kennysheep_generic_room_13
D:3:      layout_loops_ring, grunt_gozag_statues, minmay_unequal, uniq_terence,
          uniq_jessica
D:4:      layout_cave_pools, minmay_temple_entry_tees, kennysheep_small_circle
D:5:      layout_gridville, mainiacjoe_overflow_small_starburst,
          nicolae_sif_muna_condensation, lemuel_coloured_pillars_altar,
          mainiacjoe_overflow_surrounded_room
D:6:      layout_rooms, kennysheep_little_box, minmay_fountain_box
D:7:      layout_loops_ring, bloody_makhleb, nicolae_uskayaw_dance_studio,
          gammafunk_ghost_split, uniq_pikel
D:8:      layout_basic, corexii_corridor_pit, minmay_diamond_spiral
Temple:   jpeg_temple_clearing

Skill      XL: |  1  2  3  4  5  6  7  8  9 |
---------------+----------------------------+-----
Ranged Weapons | 4 5 6 8 9 10 | 10.5
Fighting       | 3 4 6 7 |  7.3
Dodging        | 2 3 |  3.2
Invocations    | 1 4 |  4.0
Armour         | 2 |  2.0
Stealth        | |  1.5

Action                     |  1- 3 |  4- 6 |  7- 9 | 10-12 || total
---------------------------+-------+-------+-------+-------++-------
   Fire: Shortbow          |    75 |   115 |   142 |       ||   332
         Orcbow            |       |       |   108 |    12 ||   120
 Invoke: Heroism           |       |       |     8 |     1 ||     9
Ability: Spit Poison       |    29 |    47 |    60 |     3 ||   139
    Use: Scroll            |     4 |     7 |     2 |     1 ||    14
         Potion            |       |     3 |       |       ||     3
 Armour: Leather armour    |    15 |     5 |       |       ||    20
         Robe              |       |     6 |    54 |       ||    60
         Ring mail         |       |       |    11 |     3 ||    14
  Dodge: Dodged            |    19 |    23 |   126 |     2 ||   170

Table legend:
 A = Non-vault XP
 B = Vault XP
 C = Vault XP percentage of total XP
 D = Non-vault monster count
 E = Vault monster count
 F = Vault count percentage of total count
                 A         B        C        D         E       F
            +---------+---------+-------+---------+---------+-------
      Total |    3179 |    1891 |  37.3 |     152 |      14 |   8.4
            +---------+---------+-------+---------+---------+-------
        D:1 |      57 |       0 |   0.0 |      31 |       0 |   0.0
        D:2 |      71 |       1 |   1.4 |      20 |       1 |   4.8
        D:3 |     291 |      88 |  23.2 |      40 |       4 |   9.1
        D:4 |     145 |       3 |   2.0 |       8 |       1 |  11.1
        D:5 |    1022 |       0 |   0.0 |      18 |       0 |   0.0
        D:6 |     567 |       0 |   0.0 |      15 |       0 |   0.0
        D:7 |     750 |     720 |  49.0 |      19 |       5 |  20.8
        D:8 |     276 |    1079 |  79.6 |       1 |       3 |  75.0
            +---------+---------+-------+---------+---------+-------
